 Dungeon Sprint DCSS version 0.16-a0-66-gff12a3a (webtiles) character file.

242 BluebellGnoll the Basher (level 5, -4/57 HPs)
             Began as a Troll Hunter on Aug 7, 2014.
             Was a Follower of Okawaru.
             Slain by a hill giant
             ... wielding a +0 giant club
              (18 damage)
             ... in the Dungeon (Sprint IX: "|||||||||||||||||||||||||||||").
             The game lasted 00:02:55 (233 turns).

BluebellGnoll the Basher (Troll Hunter)              Turns: 233, Time: 00:02:56

HP  -4/57        AC  7     Str 21      XL: 5   Next: 82%
MP   2/2         EV  9     Int 10      God: Okawaru [*.....]
Gold 0           SH  0     Dex 10      Spells:  0 memorised,  4 levels left

rFire  . . .     SeeInvis .     n - +2 morningstar (crush)
rCold  . . .     Clarity  .     d - +0 animal skin
rNeg   . . .     rCorr    .     (shield restricted)
rPois  .         rRot     .     (helmet restricted)
rElec  .         Spirit   .     (no cloak)
SustAb .         Warding  .     (gloves unavailable)
rMut   .         NoTele   +     (boots unavailable)
Gourm  +                        (no amulet)
MR     .....                    p - +2 ring of protection
                                o - +3 ring of intelligence

@: not resistant to hostile enchantments, very unstealthy
A: unfitting armour, claws 3, fast metabolism 3, gourmand, regeneration 2,
saprovore 2, shaggy fur 1, tough skin 2
a: Heroism, Renounce Religion


You were in the Dungeon.
You worshipped Okawaru.
Okawaru was aware of your devotion.
You were very full.

You visited 1 branch

Inventory:

Hand weapons
 n - a +2 morningstar of crushing (weapon)
Missiles
 b - 5 large rocks (quivered)
 c - 2 throwing nets
Armour
 d - a +0 animal skin (worn)
Magical devices
 m - a wand of fire (4)
Comestibles
 a - 2 meat rations
Scrolls
 j - 2 scrolls of blinking
 k - 3 scrolls of remove curse
 l - 2 scrolls of amnesia
Jewellery
 o - a +3 ring of intelligence (left claw)
 p - a +2 ring of protection (right claw)
Potions
 e - 5 potions of curing
 f - 2 potions of heal wounds
 g - a potion of invisibility
 h - 4 potions of magic
 i - a potion of berserk rage


   Skills:
 * Level 5.2 Fighting
 * Level 9.0 Maces & Flails
 - Level 4.8 Throwing
 - Level 1.5 Dodging
 - Level 0.4 Stealth
 - Level 1.0 Unarmed Combat


You had 4 spell levels left.
You didn't know any spells.

Dungeon Overview and Level Annotations

Branches:
Dungeon (1/1)

Altars:
Cheibriados
Dithmenos
Elyvilon
Fedhas
Gozag
Kikubaaqudgha
Makhleb
Nemelex Xobeh
Okawaru
Qazlal
Sif Muna
Trog
Vehumet
Xom
Yredelemnul
Zin
The Shining One
Beogh
Jiyva
Lugonu


Innate Abilities, Weirdness & Mutations

You are too large for most types of armour.
You have claws for hands.
Your metabolism is lightning-fast.
You like to eat raw meat.
You heal very quickly.
You can eat rotten meat.
You are covered in fur (AC +1).
You have very tough skin (AC +2).


Message History

a ring mail; a dagger; a club; a club
There is an open door to the Dungeon, spattered with blood here.
You see here a rat skeleton.
Drink which item? (? for menu, Esc to quit)
You feel much better.
The hill giant hits you with a giant club!!
* * * LOW HITPOINT WARNING * * *
Evoke which item? (* to show all) (? for menu, Esc to quit)
Zapping:
m - a wand of fire (5)
Press: ? - help, Shift-Dir - straight line, f/p - centaur warrior
Aim: a centaur warrior (moderately wounded)
The bolt of fire hits the hill giant.
The hill giant is severely wounded.
The bolt of fire hits the yak.
The yak is severely wounded.
The bolt of fire hits the centaur warrior.
The centaur warrior is moderately wounded.
This wand has 4 charges left.
The hill giant hits you with a giant club!!
You die... ▓▓▓▓▓▓▓▓▓▓▓▓▓▓▓▓▓▓▓▓▓▓▓▓▓▓▓▓▓▓▓▓ _______'..|)[[[.@CYc....'.%....+ ▓▓▓▓▓▓▓▓▓▓▓▓▓▓▓▓▓▓▓▓▓▓▓▓▓▓▓▓▓▓▓▓

You could see a hill giant, a centaur warrior and a yak.

Vanquished Creatures
  3 giant frogs (D)
  A hound (D)
  3 orcs (D)
  A giant cockroach (D)
  3 hobgoblins (D)
  2 bats (D)
  A giant newt skeleton (D)
  2 goblins (D)
  A hobgoblin zombie (D)
  2 rats (D)
19 creatures vanquished.

Vanquished Creatures (others)
  A spatial maelstrom (D)
1 creature vanquished.

Grand Total: 20 creatures vanquished

Notes
Turn   | Place    | Note
--------------------------------------------------------------
     0 | D        | BluebellGnoll, the Troll Hunter, began the quest for the Orb.
     0 | D        | Reached XP level 1. HP: 19/19 MP: 1/1
     5 | D        | Banished a spatial maelstrom
     6 | D        | Reached skill level 4 in Throwing
    68 | D        | Reached skill level 1 in Maces & Flails
    73 | D        | Reached XP level 2. HP: 25/27 MP: 1/1
   113 | D        | Found a glowing silver altar of Zin.
   113 | D        | Found a glowing golden altar of the Shining One.
   113 | D        | Found an ancient bone altar of Kikubaaqudgha.
   113 | D        | Found a basalt altar of Yredelemnul.
   113 | D        | Found a shimmering altar of Xom.
   113 | D        | Found a radiant altar of Vehumet.
   113 | D        | Found an iron altar of Okawaru.
   114 | D        | Found a burning altar of Makhleb.
   115 | D        | Found a deep blue altar of Sif Muna.
   116 | D        | Found a bloodstained altar of Trog.
   117 | D        | Found a sparkling altar of Nemelex Xobeh.
   118 | D        | Found a white marble altar of Elyvilon.
   119 | D        | Found a roughly hewn altar of Beogh.
   120 | D        | Found a viscous altar of Jiyva.
   121 | D        | Found a corrupted altar of Lugonu.
   122 | D        | Became a worshipper of Warmaster Okawaru
   123 | D        | Found a blossoming altar of Fedhas.
   124 | D        | Found a snail-covered altar of Cheibriados.
   125 | D        | Found a shadowy altar of Dithmenos.
   126 | D        | Found a stormy altar of Qazlal.
   127 | D        | Found an opulent altar of Gozag.
   157 | D        | Noticed a hound
   157 | D        | Noticed a giant frog
   164 | D        | Killed a hound
   164 | D        | Reached XP level 3. HP: 28/33 MP: 2/2
   170 | D        | Killed a giant frog
   170 | D        | Reached skill level 7 in Maces & Flails
   170 | D        | Reached XP level 4. HP: 14/41 MP: 2/2
   221 | D        | Noticed a giant frog
   221 | D        | Noticed a hill giant
   221 | D        | Noticed a giant frog
   221 | D        | Noticed a yak
   221 | D        | Noticed a centaur warrior
   222 | D        | Killed a giant frog
   222 | D        | Acquired Okawaru's first power
   222 | D        | Reached skill level 8 in Maces & Flails
   222 | D        | Reached XP level 5. HP: 46/54 MP: 2/2
   223 | D        | Killed a giant frog
   223 | D        | Reached skill level 5 in Fighting
   223 | D        | Reached skill level 9 in Maces & Flails
   233 | D        | Slain by a hill giant

Action                   |  1- 3 |  4- 6 || total
-------------------------+-------+-------++-------
Melee: Club              |    36 |       ||    36
       Unarmed           |    10 |       ||    10
       Morningstar       |    13 |     5 ||    18
Evoke: Wand              |       |     3 ||     3
  Use: Potion            |     1 |     1 ||     2
  Eat: Chunk             |     5 |     1 ||     6
